 Dungeon Crawl Stone Soup version 0.29.1-15-g9cfb28693d (webtiles) character file.

Game seed: 5746941115068892731

151 Hugehornet the Changer (level 5, -2/33 HPs)
             Began as an Octopode Transmuter on Mar 30, 2023.
             Hit by a stone thrown by a gnoll (4 damage)
             ... on level 4 of the Dungeon.
             The game lasted 00:03:38 (3674 turns).

Hugehornet the Changer (Octopode Transmuter)        Turns: 3674, Time: 00:03:38

Health: -2/33      AC:  1    Str: 15    XL:     5   Next: 33%
Magic:  8/8        EV: 13    Int: 17    God:
Gold:   181        SH:  0    Dex: 13    Spells: 7/8 levels left

rFire   . . .      SeeInvis +     - Unarmed
rCold   . . .      Faith    .   (no shield)
rNeg    . . .      Spirit   .   (helmet currently unavailable)
rPois   .          Reflect  .   (no amulet)
rElec   .          Harm     .   h - ring of see invisible
rCorr   .          Rampage  .   j - +6 ring of strength
Will    .....                   (no ring)
Stlth   ++........              (no ring)
HPRegen 0.11/turn               (no ring)
MPRegen 0.11/turn               (no ring)
                                (no ring)
                                (no ring)

@: appendages
A: tentacle spike 3, almost no armour, amphibious, 8 rings, camouflage 1,
gelatinous body 1, (nimble swimmer 1), tentacles
a: End Transformation


You were on level 4 of the Dungeon.
One of your tentacles had grown a beastly spike.
You visited 1 branch of the dungeon, and saw 4 of its levels.

You collected 181 gold pieces.

Inventory:

Jewellery
 h - a ring of see invisible (left tentacle)
 j - a +6 ring of strength (right tentacle)
Wands
 k - a wand of charming (4)
Scrolls
 b - 3 scrolls of fear {unknown}
 d - 7 scrolls of identify {unknown}
 f - 2 scrolls of magic mapping {unknown}
 g - a scroll of noise {unknown}
 l - a scroll of teleportation {unknown}
 n - a scroll of enchant weapon {unknown}
Potions
 a - 2 potions of lignification
 c - a potion of resistance {unknown}
 e - 5 potions of degeneration {unknown}
 i - a potion of curing {unknown}
 m - 2 potions of heal wounds {unknown}


   Skills:
 - Level 1.0 Fighting
 - Level 2.0 Dodging
 - Level 3.0 Unarmed Combat
 - Level 2.0 Spellcasting
 + Level 5.4 Transmutations


You had 7 spell levels left.
You knew the following spells:

 Your Spells              Type           Power      Damage    Failure   Level
a - Beastly Appendage     Tmut           40%        N/A       2%          1

Your spell library contained the following spells:

 Spells                   Type           Power      Damage    Failure   Level
 Wereblood                Tmut           20%        N/A       3%          2
 Slow                     Hex            4%         N/A       19%         1
 Spider Form              Tmut/Pois      10%        N/A       19%         3
 Confusing Touch          Hex            1%         N/A       50%         3
 Stone Arrow              Conj/Erth      2%         3d7       50%         3
 Vampiric Draining        Necr           1%         2d6       50%         3
 Ice Form                 Ice/Tmut       10%        N/A       54%         4
 Lehudib's Crystal Spear  Conj/Erth      0%         10d2      100%        8
 Animate Armour           Summ/Erth      Unusable   N/A       N/A         4

Dungeon Overview and Level Annotations

Branches:
Dungeon (4/15)             Temple (0/1) D:4

Altars:


Innate Abilities, Weirdness & Mutations

One of your tentacles has grown a beastly spike.
You cannot wear most types of armour.
You are amphibious.
You can wear up to eight rings at the same time.
Your skin changes colour to match your surroundings (Stealth+).
Your rubbery body absorbs attacks. (AC +1, EV +1)
((You are camouflaged when in or above water. (Stealth+)))
You have tentacles for arms and can constrict up to eight enemies at once.


Message History

The goblin unwields a +0 sling.
The goblin wields a +0 club.
The goblin misses you.
You tentacle-slap the goblin. Your grab misses the goblin.
The goblin is severely wounded.
You closely miss the goblin. Your grab misses the goblin.
You tentacle-slap the goblin.
You kill the goblin!
No target in view!
No target in view!
A gnoll comes into view. It is wielding a +0 whip.
A gnoll is nearby!
A gnoll is nearby!
A gnoll comes into view. It is wielding a +0 spear.
The gnoll shouts! x2; You hear a shout! x3
A gnoll comes into view. It is wielding a +0 whip.
The gnoll shouts!
You hear a shout!
A ball python comes into view.
The gnoll hits you with a +0 whip!
A kobold comes into view. It is wielding a +0 dagger.
You barely miss the gnoll.
The ball python hisses angrily.
You grab the gnoll. You constrict the gnoll.
The gnoll struggles to escape constriction.
A hobgoblin comes into view.
You tentacle-slap the gnoll but do no damage.
You squeeze the gnoll, but do no damage.
The gnoll is lightly wounded.
You constrict the gnoll. The gnoll hits you with a +0 whip.
You tentacle-slap the gnoll but do no damage.
The gnoll is lightly wounded.
You constrict the gnoll. The gnoll closely misses you.
The gnoll hits you from afar with a +0 spear.
A goblin comes into view. It is wielding a +0 dagger.
You release your grip on the gnoll.
The gnoll attacks as you move away! The gnoll hits you with a +0 whip!
* * * LOW HITPOINT WARNING * * *
The gnoll attacks as you move away! The gnoll hits you with a +0 whip.
* * * LOW HITPOINT WARNING * * *
The gnoll throws a stone.
The stone hits you.
You die...

#.##.. ..#. #($... ....
#..... ...# #.... .⌠.#
#...###...###
#...)........
#...)g..K..⌠.
#....gg..g.g.
#..@###(..###
##############.....# ⌠.#
.............'.....# .#
##############!...?...
.. ############
#...#..... .#
...........###...##.....
# .......)...'<#####
....# ...........###
....# ...........#


You could see 3 gnolls, a hobgoblin and a kobold.

Vanquished Creatures
  10 adders
  2 dart slugs (D:1)
  An orc (D:4)
  7 ball pythons
  2 endoplasms
  3 giant cockroaches
  7 goblins
  5 hobgoblins
  3 quokkas (D:1)
  8 bats
  4 frilled lizards
  5 kobolds
  5 rats
62 creatures vanquished.

Notes
Turn   | Place    | Note
-------+----------+-------------------------------------------
     0 | D:1      | Hugehornet the Octopode Transmuter began the quest for the
                  | Orb.
     0 | D:1      | Reached XP level 1. HP: 13/13 MP: 3/3
    79 | D:1      | Reached XP level 2. HP: 5/18 MP: 3/5
   436 | D:1      | Found a faded altar of an unknown god.
   561 | D:1      | Reached skill level 3 in Transmutations
   790 | D:1      | Reached XP level 3. HP: 14/23 MP: 4/6
  1654 | D:2      | Reached skill level 4 in Transmutations
  1864 | D:2      | Reached XP level 4. HP: 17/28 MP: 5/7
  3153 | D:3      | Reached skill level 5 in Transmutations
  3153 | D:3      | Reached XP level 5. HP: 32/33 MP: 6/8
  3661 | D:4      | Found a staircase to the Ecumenical Temple.
  3674 | D:4      | Hit by a stone thrown by a gnoll

Illustrated notes

Levels and vault maps discovered:
D:1:      elethiomel_arrival_infinity_welcomes_careful_drivers,
          layout_loops_ring, ebering_ecumenical_altar_hall, minmay_3d_cube
D:2:      layout_basic, chequers_hall_statues_wall_a, minmay_tall_x
D:3:      layout_basic
D:4:      layout_basic, doesnt_xom_only_xom, minmay_temple_entry_junction_2,
          st_stairs_10

Skill      XL: |  1  2  3  4 |
---------------+-------------+-----
Transmutations | 3 4 5 |  5.4
Fighting       | |  1.0
Dodging        | |  2.0
Unarmed Combat | |  3.0
Spellcasting   | |  2.0

Action                   |  1- 3 |  4- 6 || total
-------------------------+-------+-------++-------
Melee: Unarmed           |    75 |    53 ||   128
       Constrict         |    24 |    13 ||    37
       Kick              |    17 |    15 ||    32
       Tentacles         |    13 |     9 ||    22
       Punch             |       |     4 ||     4
 Cast: Beastly Appendage |    28 |    20 ||    48
 Stab: Sleeping          |     5 |     1 ||     6
Armor: Skin              |     5 |     7 ||    12
Dodge: Dodged            |    42 |    33 ||    75
